 Dungeon Crawl Stone Soup version 0.20.1-1-g8b1a95d66d (webtiles) character file.

202 Gargoyl the Skirmisher (level 5, -2/46 HPs)
             Began as a Centaur Abyssal Knight on Dec 28, 2017.
             Was a Follower of Lugonu.
             Succumbed to kobold's curare-tipped needle
             ... on level 3 of the Dungeon.
             The game lasted 00:04:21 (2502 turns).

Gargoyl the Skirmisher (Centaur Abyssal Knight)     Turns: 2502, Time: 00:04:22

Health: -2/46      AC: 10    Str: 14    XL:     5   Next: 50%
Magic:  7/7        EV:  2    Int: 11    God:    Lugonu [*.....]
Gold:   162        SH:  0    Dex: 10    Spells: 4/4 levels left

rFire    . . .     SeeInvis .   a - +1 hand axe (drain)
rCold    . . .     Gourm    .   (no shield)
rNeg     . . .     Faith    .   j - +0 plate armour
rPois    .         Spirit   .   (no helmet)
rElec    .         Reflect  .   (no cloak)
rCorr    .         Harm     .   k - +0 pair of gloves
MR       .....                  (no barding)
Stlth    ..........             (no amulet)
Regen    0.2/turn               (no ring)
MPRegen  0.1/turn               (no ring)

@: lethally poisoned (-2 -> -45), slowed
A: hooves 3, deformed body, speed 2, tough skin 3
a: Depart the Abyss, Renounce Religion


You were on level 3 of the Dungeon.
You worshipped Lugonu.
Lugonu was aware of your devotion.
You were not hungry.

You visited 1 branch of the dungeon, and saw 3 of its levels.
You visited the Abyss 1 time.

You collected 162 gold pieces.

Inventory:

Hand Weapons
 a - a +1 hand axe of draining (weapon)
Missiles
 g - 5 tomahawks (quivered)
Armour
 j - a +0 plate armour (worn)
 k - a +0 pair of gloves (worn)
Jewellery
 u - an uncursed ring of poison resistance {unknown}
Wands
 b - a wand of acid (3/15)
 o - a wand of acid (11/15)
 v - a wand of flame (26/48)
Scrolls
 d - a scroll of immolation {unknown}
 e - a scroll of random uselessness {unknown}
 f - a scroll of recharging {unknown}
 h - 2 scrolls of remove curse {unknown}
 i - a scroll of amnesia
 m - 3 scrolls of identify {unknown}
Potions
 l - a potion of ambrosia
 n - a potion of cancellation
 p - a potion of curing {unknown}
 r - a potion of degeneration {unknown}
 s - a potion of agility {unknown}
Comestibles
 c - 2 bread rations
 q - 2 royal jellies
 t - a chunk of flesh


   Skills:
 + Level 3.7 Fighting
 + Level 2.8 Axes
 * Level 2.7 Armour
 + Level 0.9 Dodging
 * Level 3.5 Invocations


You had 4 spell levels left.
You didn't know any spells.

Dungeon Overview and Level Annotations

Branches:
Dungeon (3/15)

Altars:
Vehumet


Innate Abilities, Weirdness & Mutations

You have hooves in place of feet.
Armour fits poorly on your strangely shaped body.
You cover ground very quickly.
You have extremely tough skin. (AC +3)


Message History

It was a potion of ambrosia.
You are confused.
You feel invigorated.
* * * LOW HITPOINT WARNING * * *
You feel very sick. The orc hits you but does no damage.
The kobold unwields an uncursed blowgun.
The kobold wields an uncursed short sword.
The kobold hits you but does no damage.
You bump into the rock wall.
You feel less invigorated.
You feel less confused.
* * * LOW HITPOINT WARNING * * *
You feel very sick. The orc barely misses you.
The kobold hits you but does no damage.
Unknown command.
You hit the kobold. You kick the kobold.
You kill the kobold!
Lugonu accepts your kill.
You closely miss the orc.
You die...

##... .... ....
...# ..... ..#
.... ..# #.. #.+
#..##)# .
#...#@#
#.###...o###+###
(.......(.......
.......(########
.$.....)##
.........#
......#..#
......#..####
.§.§..#..##..


You could see an orc.

Vanquished Creatures
  Sigmund (D:3)
  An adder (D:2)
  A dart slug (D:1)
  A leopard gecko (D:1)
  An orc (D:3)
  A ball python (D:1)
  2 giant cockroaches
  8 goblins
  3 hobgoblins
  6 jackals (D:1)
  8 bats
  5 frilled lizards
  4 kobolds
  9 rats
51 creatures vanquished.

Notes
Turn   | Place    | Note
-------+----------+-------------------------------------------
     0 | Abyss:1  | Gargoyl the Centaur Abyssal Knight began the quest for the Orb.
     0 | Abyss:1  | Reached XP level 1. HP: 19/19 MP: 2/2
    77 | Abyss:2  | Noticed a wight
   106 | Abyss:2  | Noticed a large abomination
   113 | D:1      | Escaped the Abyss
   361 | D:1      | Reached XP level 2. HP: 25/26 MP: 3/3
   437 | D:1      | Reached * piety under Lugonu
   655 | D:1      | Reached XP level 3. HP: 31/31 MP: 5/5
  2360 | D:3      | Noticed Sigmund
  2368 | D:3      | Killed Sigmund
  2368 | D:3      | Reached XP level 4. HP: 29/40 MP: 6/6
  2368 | D:3      | Reached XP level 5. HP: 33/46 MP: 7/7
  2491 | D:3      | Found a radiant altar of Vehumet.
  2502 | D:3      | Succumbed to kobold's curare-tipped needle

Skill      XL: |  1  2  3 |
---------------+----------+-----
Armour         | 2 |  2.7
Axes           | 2 |  2.8
Invocations    | 3 |  3.5
Fighting       | |  3.7
Dodging        | |  0.9

Action                   |  1- 3 |  4- 6 || total
-------------------------+-------+-------++-------
Melee: Hand axe          |   129 |     6 ||   135
       Kick              |    14 |     3 ||    17
Invok: Depart the Abyss  |     1 |       ||     1
  Use: Scroll            |     2 |       ||     2
       Potion            |     1 |     1 ||     2
  Eat: Chunk             |     3 |       ||     3
Armor: Ring mail         |    10 |       ||    10
       Leather armour    |     1 |       ||     1
       Plate armour      |    81 |     7 ||    88
Dodge: Dodged            |    20 |     1 ||    21
